Map: Catalyst LE

Players

Lambo

  • Race: Zerg Zerg
  • Spawn Location: 11:00

Neeb - Winner!

  • Race: Protoss Protoss
  • Spawn Location: 5:00

Event: WESG 2017 Haikou

VOD

Have the link to the VOD?

Description

Time

  • Played on: March 14, 2018, 3:26 a.m.
  • Length: 7:11

All games in this series

Show
View Real Time Build Order
Export as new Build Order

Lambo Zerg 

Build Orders: Hatch First 

Get SALT Encoding   

  12  0:00  Drone  
  13  0:12  Overlord  
  13  0:17  Drone  
  14  0:31  Drone  
  14  0:32  Drone  
  16  0:49  Hatchery  
  15  0:52  Drone  
  15  0:56  Drone  
  17  0:59  Drone  
  18  1:10  Extractor  
  17  1:15  Spawning Pool  
  16  1:19  Drone  
  16  1:23  Drone  
  18  1:29  Drone  
  19  1:39  Drone  
  20  1:52  Overlord  
  20  2:05  Queen x2  
  20  2:06  Zergling x4  
  25  2:12  Drone  
  26  2:16  Metabolic Boost  
  26  2:21  Drone  
  26  2:22  Drone  
  28  2:27  Drone  
  29  2:35  Drone  
  30  2:46  Hatchery  
  30  2:48  Drone  
  30  2:54  Overlord  
  30  2:56  Drone  
  30  2:58  Drone  
  32  3:02  Zergling x2  
  32  3:05  Zergling x2  
  34  3:10  Queen  
  36  3:13  Drone  
  36  3:14  Drone  
  36  3:16  Drone  
  39  3:20  Drone  
  39  3:22  Drone  
  39  3:28  Drone x2  
  39  3:32  Drone x2  
  39  3:33  Drone  
  41  3:38  Spore Crawler  
  41  3:40  Drone  
  41  3:46  Drone  
  41  3:47  Drone  
  43  3:50  Overlord  
  43  4:00  Drone x2  
  45  4:03  Spore Crawler, Queen  
  45  4:06  Drone  
  45  4:07  Overlord  
  45  4:09  Drone  
  48  4:15  Drone x2  
  49  4:18  Drone  
  49  4:19  Drone x2  
  49  4:21  Drone x2  
  49  4:23  Overlord  
  53  4:27  Spore Crawler  
  52  4:32  Roach Warren  
  52  4:38  Drone, Lair  
  51  4:40  Drone  
  51  4:45  Drone x3, Extractor  
  56  4:46  Extractor  
  56  4:50  Drone x3  
  57  4:54  Drone x2  
  57  4:56  Drone x2  
  57  4:58  Drone  
  62  5:01  Overlord  
  62  5:08  Overlord  
  62  5:09  Evolution Chamber  
  56  5:17  Drone x2  
  56  5:20  Overlord  
  56  5:21  Drone x4  
  60  5:23  Drone x2  
  60  5:24  Drone x2  
  60  5:25  Extractor  
  60  5:27  Roach x2  
  68  5:35  Overlord  
  68  5:36  Overlord  
  68  5:42  Glial Reconstitution  
  68  5:44  Overlord  
  68  5:45  Roach x2  
  72  5:51  Overlord  
  72  5:55  Roach x4  
  80  5:57  Roach  
  80  5:59  Overlord  
  80  6:01  Roach  
  84  6:09  Roach x3  
  87  6:13  Roach x2  
  87  6:17  Drone  
  87  6:18  Drone x2  
  92  6:24  Drone x2  
  94  6:26  Extractor  
  94  6:28  Drone x2  
  94  6:29  Spire  
  94  6:31  Drone x2  
  94  6:34  Drone x2  
  94  6:39  Hydralisk Den  
  95  6:40  Drone x4  
  95  6:42  Extractor  
  95  6:45  Drone x3  
  101  6:50  Roach  
  101  6:51  Roach  
Show
View Real Time Build Order
Export as new Build Order

Neeb Protoss - Winner!

Build Orders: 1 Gate Expand, Oracle Opening, Phoenix Opening, Zealot Archon, Archon Drop 

Get SALT Encoding   

  12  0:00  Probe  
  14  0:17  Probe (Chrono Boost)  
  14  0:18  Pylon  
  14  0:28  Probe (Chrono Boost)  
  15  0:34  Probe (Chrono Boost)  
  16  0:46  Probe  
  16  0:47  Gateway  
  16  0:48  Assimilator  
  17  0:58  Probe  
  18  1:10  Probe  
  19  1:22  Probe  
  20  1:30  Nexus  
  20  1:36  Cybernetics Core  
  20  1:38  Probe  
  21  1:45  Assimilator  
  21  1:50  Probe  
  21  1:54  Pylon  
  22  2:02  Probe (Chrono Boost)  
  22  2:10  Adept (Chrono Boost)  
  22  2:14  Probe (Chrono Boost)  
  25  2:19  Probe (Chrono Boost)  
  26  2:25  Stargate  
  26  2:29  Adept (Chrono Boost), Probe  
  29  2:38  Warp Gate  
  29  2:41  Probe  
  29  2:42  Probe  
  31  2:53  Adept (Chrono Boost), Probe  
  31  2:54  Probe  
  35  3:05  Probe  
  36  3:06  Probe  
  36  3:08  Oracle (Chrono Boost)  
  40  3:17  Probe, Pylon  
  40  3:18  Probe  
  42  3:29  Probe  
  42  3:31  Probe  
  42  3:37  Phoenix  
  42  3:41  Probe, Gateway  
  42  3:43  Probe, Pylon  
  42  3:47  Assimilator  
  44  3:49  Assimilator  
  44  3:52  Adept  
  44  3:53  Probe  
  44  3:55  Probe  
  48  4:02  Robotics Facility  
  48  4:06  Probe  
  48  4:07  Probe  
  50  4:13  Pylon  
  50  4:18  Probe  
  50  4:19  Probe  
  50  4:23  Twilight Council  
  52  4:30  Probe  
  53  4:32  Probe  
  54  4:38  Gateway  
  54  4:41  Gateway  
  54  4:42  Probe  
  54  4:44  Zealot x2  
  60  4:46  Warp Prism (Chrono Boost)  
  61  4:56  Pylon  
  61  4:57  Charge (Chrono Boost), Pylon  
  61  5:01  Templar Archives  
  61  5:13  Gateway  
  61  5:16  Gateway  
  61  5:26  Nexus  
  61  5:39  Probe x2  
  61  5:41  High Templar x4  
  71  5:45  Archon x2  
  71  5:51  Probe, Pylon  
  71  5:52  Probe, Shield Battery  
  71  5:53  Pylon  
  73  6:00  Pylon  
  73  6:03  Probe  
  73  6:04  Probe  
  75  6:16  Probe x2  
  77  6:20  Zealot x6  
  77  6:22  Immortal (Chrono Boost)  
  93  6:28  Probe  
  93  6:31  Probe  
  95  6:40  Sentry x3  
  95  6:41  Probe, Sentry  
  95  6:43  Probe x2  
  106  6:54  Probe  
  106  6:55  Probe  
  111  7:05  Gateway  
  111  7:07  Gateway  
Tags
 
Add a new tag
Caveats
  • Supply blocks, unpowered buildings, or Contaminate may cause inaccurate times.
  • Supply counts are checked every 10 seconds.